[Event "Titled Tuesday Blitz July 4 Late 2023"]
[White "Djabri, Massinas"]
[Black "Domingo Nunez, Alejandro"]
[WhiteFideId "7905726"]
[BlackFideId "22245561"]
[WhiteElo "2354"]
[BlackElo "2604"]
[Result "0-1"]
[Round "1"]
[TimeControl "180+2"]
[Date "2023.07.04"]
[WhiteClock "0:00:00"]
[BlackClock "0:00:28"]
[Board "114"]

1. d4 g6 2. c4 Bg7 3. Nc3 d6 4. e4 Nf6 5. Be2 O-O 6. Nf3 e5 7. O-O Nc6 8. d5 Ne7 9. Ne1 Ne8 10. Nd3 f5 11. f3 f4 12. Bd2 g5 13. Rc1 h5 14. c5 Rf6 15. cxd6 cxd6 16. Nf2 Rg6 17. Nb5 Bd7 18. a4 Kh8 19. a5 Ng8 20. Rc3 Nh6 21. h3 Bf8 22. b4 Rg7 23. Qb3 Kg8 24. Rfc1 g4 25. fxg4 hxg4 26. hxg4 Qg5 27. Nh3 Qg6 28. g5 Nf7 29. Nc7 Nxc7 30. Rxc7 Nxg5 31. Nxg5 Qxg5 32. Bf3 b6 33. a6 Qh4 34. b5 Rh7 35. Qc4 Re8 36. Kf1 Ree7 37. Ke2 Reg7 38. Kd3 Qf2 39. Re1 Bh3 40. Rxg7+ Rxg7 41. Re2 Qf1 42. Kc2 Bxg2 43. Bh5 f3 44. Qc8 fxe2 45. Qe6+ Kh7 46. Qh6+ Kg8 47. Qe6+ Rf7 48. Qg6+ Bg7 49. Qxf7+ Qxf7 50. Bxf7+ Kxf7 51. Be1 Bh6 52. Kd3 Bf3 53. Bf2 Bf4 0-1


[Site "https://www.chess.com"]

[Event "Titled Tuesday Blitz July 4 Late 2023"]
[White "Lamard, Guillaume"]
[Black "Kovacsy, Barnabas"]
[WhiteFideId "600261"]
[BlackFideId "769290"]
[WhiteElo "2603"]
[BlackElo "2354"]
[Result "0-1"]
[Round "1"]
[TimeControl "180+2"]
[Date "2023.07.04"]
[WhiteClock "0:00:00"]
[BlackClock "0:00:07"]
[Board "115"]

1. d4 Nf6 2. c4 g6 3. Nc3 d5 4. Nf3 Bg7 5. Qb3 dxc4 6. Qxc4 O-O 7. e4 Nc6 8. Be2 Bg4 9. Be3 Bxf3 10. gxf3 e5 11. d5 Nd4 12. Rc1 a6 13. f4 b5 14. Qd3 Nxe2 15. Nxe2 Re8 16. fxe5 Ng4 17. f4 Qh4+ 18. Kd2 Nxe3 19. Qxe3 Rxe5 20. Qg3 Qxg3 21. Nxg3 Re7 22. b3 Rd8 23. Rc6 f5 24. e5 Rxd5+ 25. Ke2 Bh6 26. Nxf5 gxf5 27. Rxh6 Rd4 28. Rg1+ Kf8 29. Rf6+ Ke8 30. Rg8+ Kd7 31. Ke3 Re4+ 32. Kf3 Re1 33. Rxa6 Rf1+ 34. Ke3 Re1+ 35. Kf2 Rh1 36. Rh6 Ra1 37. Rg5 Rxa2+ 38. Kf3 Rb2 39. Rxf5 Rxb3+ 40. Kg4 Rg7+ 41. Rg5 Rxg5+ 42. Kxg5 Rf3 43. Rxh7+ Kc6 44. h4 b4 45. Rh8 Kb7 46. Rd8 b3 47. e6 Re3 48. f5 c5 49. h5 c4 50. h6 b2 51. Rd1 c3 52. Rb1 Kc6 53. Rh1 c2 54. h7 c1=Q 55. h8=Q Rg3+ 56. Kf6 Qc3+ 57. Kf7 Qxh8 58. Rxh8 b1=Q 59. f6 Qg6+ 60. Ke7 Rf3 61. Rf8 Qg5 62. Rc8+ Kb7 63. Rf8 Kc7 64. Rf7 Kc6 65. Rf8 Re3 66. Rc8+ Kb7 67. Rd8 Qe5 68. Rd6 Kc7 69. Rd7+ Kc8 70. Rd6 Kc7 71. Ra6 Qc5+ 72. Kf7 Rh3 73. e7 Rh7+ 74. Kg6 Rh8 75. Kf7 Qh5+ 76. Ke6 Qe2+ 77. Kf7 Qxa6 78. Kg7 Re8 79. f7 Rxe7 80. Kf8 Rxf7+ 0-1


[Site "https://www.chess.com"]

[Event "Titled Tuesday Blitz July 4 Late 2023"]
[White "Abduzhaparov"]
[Black "Atanasov, Anthony"]
[BlackFideId "2623897"]
[WhiteElo "2353"]
[BlackElo "2602"]
[Result "1-0"]
[Round "1"]
[TimeControl "180+2"]
[Date "2023.07.04"]
[WhiteClock "0:00:13"]
[BlackClock "0:00:10"]
[Board "116"]

1. Nf3 d5 2. c4 d4 3. e3 c5 4. b4 dxe3 5. fxe3 cxb4 6. d4 g6 7. Bd3 Nf6 8. O-O Bg7 9. a3 bxa3 10. Nxa3 O-O 11. Bb2 Nc6 12. d5 Nb4 13. Bb1 Bf5 14. Qb3 a5 15. Bxf5 gxf5 16. Nb5 e6 17. Nfd4 exd5 18. Nxf5 dxc4 19. Qxc4 Nd3 20. Bd4 Nb4 21. Nxg7 Qd5 22. Qxd5 Nfxd5 23. Nf5 Ra6 24. Rxa5 f6 25. Rxa6 bxa6 26. Nc3 Nxc3 27. Bxc3 Nd5 28. Bd4 Re8 29. Ra1 Re6 30. Ra5 Nb4 31. Rc5 h5 32. Rc7 a5 33. Rg7+ Kh8 34. Ra7 Nc6 35. Ra6 Kh7 36. Bc5 h4 37. h3 Re5 38. Rxc6 Rxf5 39. Bd4 Kg6 40. Ra6 Kh5 41. Rxf6 Rb5 42. Ra6 Rd5 43. Kh2 Rb5 44. Rb6 Rf5 45. Ra6 Rb5 46. Bc3 Rc5 47. Rxa5 Rg5 48. Rxg5+ Kxg5 49. Be1 Kf5 50. Bxh4 Ke4 51. g3 Kxe3 52. g4 Kf4 53. Bg3+ Kf3 54. Kg1 Kxg3 55. g5 Kh4 56. g6 Kh5 57. g7 Kh6 58. g8=Q Kh5 59. Qg4+ Kh6 60. Kf2 Kh7 61. Kf3 Kh8 62. Kf4 Kh7 63. Kf5 Kh8 64. Kf6 Kh7 65. Qg7# 1-0


[Site "https://www.chess.com"]

[Event "Titled Tuesday Blitz July 4 Late 2023"]
[White "Pinheiro, Iung Alicio de O."]
[Black "Eggleston, Thomas A"]
[WhiteFideId "2104350"]
[BlackFideId "412139"]
[WhiteElo "2599"]
[BlackElo "2352"]
[Result "1-0"]
[Round "1"]
[TimeControl "180+2"]
[Date "2023.07.04"]
[WhiteClock "0:00:10"]
[BlackClock "0:00:00"]
[Board "117"]

1. e4 e6 2. d4 d5 3. e5 c5 4. c3 Nc6 5. Nf3 Qb6 6. Bd3 Nh6 7. O-O cxd4 8. h3 Nf5 9. Re1 Be7 10. Nbd2 dxc3 11. bxc3 Bd7 12. Rb1 Qc7 13. c4 dxc4 14. Nxc4 O-O 15. g4 Nh4 16. Nxh4 Bxh4 17. g5 Nd4 18. Qg4 Nf5 19. Bxf5 exf5 20. Qxh4 Bc6 21. Nd6 g6 22. Qd4 Rad8 23. Bb2 Qe7 24. h4 Be4 25. e6 f6 26. gxf6 Rxf6 27. Qxf6 Qxf6 28. Bxf6 Rxd6 29. e7 Kf7 30. Bg5 h6 31. Bf4 Re6 32. Rxb7 g5 33. hxg5 hxg5 34. Bh2 f4 35. Rxa7 f3 36. Bg3 1-0


[Site "https://www.chess.com"]

[Event "Titled Tuesday Blitz July 4 Late 2023"]
[White "Zherebtsova, Alexandra"]
[Black "HamedWafa4"]
[WhiteFideId "24129518"]
[WhiteElo "2347"]
[BlackElo "2596"]
[Result "0-1"]
[Round "1"]
[TimeControl "180+2"]
[Date "2023.07.04"]
[WhiteClock "0:00:00"]
[BlackClock "0:00:46"]
[Board "118"]

1. d4 Nf6 2. Nf3 e6 3. c4 Bb4+ 4. Nbd2 O-O 5. a3 Bxd2+ 6. Qxd2 b6 7. g3 Bb7 8. Bg2 d6 9. O-O Nbd7 10. b4 Qe7 11. Bb2 a5 12. Rfd1 Rae8 13. bxa5 Ne4 14. Qe1 bxa5 15. Qxa5 Nb6 16. Qb5 Ra8 17. Nd2 f5 18. Nxe4 fxe4 19. c5 Ba6 20. Qb3 Nc4 21. Qc2 d5 22. Bc3 Qf6 23. Rf1 Rab8 24. Bb4 Bb5 25. Rad1 Ra8 26. Qc1 Ba4 27. Rde1 h5 28. Kh1 h4 29. f3 e3 30. Kg1 Qf5 31. Qc3 h3 32. Bh1 Rf6 33. Rc1 Rg6 34. Qd3 Rf6 35. Rxc4 Qxd3 36. exd3 dxc4 37. dxc4 e2 38. Re1 Bd1 39. f4 Rd8 40. Bc3 Rff8 41. Bf3 Ra8 42. Bb4 Rfd8 43. Bxe2 Bxe2 44. Rxe2 Rxd4 45. Kf2 Rxc4 46. Kf3 Kf7 47. Kg4 g5 48. Kxh3 gxf4 49. Rf2 Rh8+ 50. Kg2 Kf6 51. gxf4 Kf5 52. Re2 Rg8+ 53. Kf3 Rxf4+ 54. Ke3 Rg1 55. Kd3 Rd1+ 56. Kc3 Rf3+ 57. Kb2 Rdd3 58. c6 Rb3+ 59. Ka2 Rbd3 60. Rc2 e5 61. a4 e4 62. a5 Rd4 63. Ba3 Ra4 64. Rc5+ Kf4 0-1


[Site "https://www.chess.com"]

[Event "Titled Tuesday Blitz July 4 Late 2023"]
[White "Vlassov, Nikolai"]
[Black "Taranenko, Evgueniy"]
[WhiteFideId "4103360"]
[BlackFideId "14122138"]
[WhiteElo "2596"]
[BlackElo "2346"]
[Result "0-1"]
[Round "1"]
[TimeControl "180+2"]
[Date "2023.07.04"]
[WhiteClock "0:00:00"]
[BlackClock "0:00:12"]
[Board "119"]

1. e4 e6 2. c4 c5 3. Nf3 Nc6 4. Nc3 Nf6 5. Bd3 d6 6. O-O Be7 7. Re1 O-O 8. Bf1 a6 9. d4 cxd4 10. Nxd4 Bd7 11. Be3 Ne5 12. f3 Rc8 13. Qb3 Qc7 14. Rac1 h6 15. h3 Nh5 16. f4 Ng6 17. f5 Ne5 18. fxe6 fxe6 19. c5 Kh8 20. Nxe6 Bxe6 21. Qxe6 Rf6 22. Qb3 dxc5 23. Nd5 Nf3+ 24. gxf3 Rg6+ 25. Bg2 Rxg2+ 26. Kxg2 Qg3+ 27. Kf1 Qxf3+ 28. Kg1 Qg3+ 29. Kh1 Qxh3+ 30. Kg1 Qg3+ 31. Kh1 Qf3+ 32. Kg1 Qg4+ 33. Kh2 Bd6+ 34. Bf4 Nxf4 35. Nxf4 Bxf4+ 36. Kh1 Bxc1 37. Rxc1 Qxe4+ 38. Kg1 Rc6 0-1


[Site "https://www.chess.com"]

[Event "Titled Tuesday Blitz July 4 Late 2023"]
[White "Alahakoon, Isuru"]
[Black "Sargsyan, Anna M."]
[WhiteFideId "9900993"]
[BlackFideId "13308130"]
[WhiteElo "2343"]
[BlackElo "2595"]
[Result "0-1"]
[Round "1"]
[TimeControl "180+2"]
[Date "2023.07.04"]
[WhiteClock "0:01:58"]
[BlackClock "0:02:06"]
[Board "120"]

1. Nf3 d5 2. e3 Nf6 3. c4 c6 4. d4 e6 5. Nbd2 c5 6. cxd5 exd5 7. dxc5 Bxc5 8. Bd3 O-O 9. O-O Nc6 10. b3 Bg4 11. Bb2 Re8 12. Rc1 Bb6 13. Qc2 Rc8 14. Bxf6 Qxf6 15. Bxh7+ Kh8 16. h3 Bxf3 17. Nxf3 g6 18. Bxg6 fxg6 19. Qd3 Rcd8 20. Rfd1 Kg7 21. Qb5 Qf5 22. a4 d4 23. a5 Qxb5 0-1


[Site "https://www.chess.com"]

[Event "Titled Tuesday Blitz July 4 Late 2023"]
[White "Subelj, Jan"]
[Black "jero888"]
[WhiteFideId "14618583"]
[WhiteElo "2595"]
[BlackElo "2341"]
[Result "0-1"]
[Round "1"]
[TimeControl "180+2"]
[Date "2023.07.04"]
[WhiteClock "0:01:04"]
[BlackClock "0:00:50"]
[Board "121"]

1. e4 c5 2. Nf3 d6 3. d3 Nc6 4. Nbd2 e5 5. Be2 g6 6. O-O Bg7 7. c3 Nge7 8. Re1 O-O 9. Nf1 h6 10. Be3 b6 11. d4 exd4 12. cxd4 Bg4 13. d5 Bxf3 14. gxf3 Nd4 15. Bd3 Qd7 16. Kg2 f5 17. Qd2 fxe4 18. Bxe4 Nef5 19. Ng3 Nh4+ 20. Kh1 Qh3 0-1


[Site "https://www.chess.com"]

[Event "Titled Tuesday Blitz July 4 Late 2023"]
[White "The_Straightforward_Rook"]
[Black "Ezat, Mohamed"]
[BlackFideId "10600906"]
[WhiteElo "2334"]
[BlackElo "2588"]
[Result "0-1"]
[Round "1"]
[TimeControl "180+2"]
[Date "2023.07.04"]
[WhiteClock "0:00:16"]
[BlackClock "0:00:37"]
[Board "122"]

1. d4 Nf6 2. c4 g6 3. Nc3 Bg7 4. e4 d6 5. Be2 O-O 6. h4 c5 7. d5 e6 8. h5 exd5 9. exd5 Re8 10. h6 Bh8 11. Bg5 Nbd7 12. Nf3 Qa5 13. O-O a6 14. a4 Ne4 15. Nxe4 Rxe4 16. Bd3 Re8 17. Re1 Ne5 18. Nxe5 Rxe5 19. Rxe5 Bxe5 20. Qe1 Qxe1+ 21. Rxe1 Bd7 22. b3 Re8 23. Kf1 f6 24. Bd2 Kf7 25. f4 Bd4 26. Rxe8 Bxe8 27. g4 Bd7 28. g5 Bf5 29. Ke2 Bg4+ 30. Ke1 Ke7 31. Bc2 Kd7 32. Kf1 Kc7 33. Kg2 fxg5 34. fxg5 b5 35. axb5 axb5 36. cxb5 Kb6 37. Bd3 Bd7 38. Kf3 Bxb5 39. Bc4 Bd7 40. Be3 Bc3 41. Ke4 Bf5+ 42. Kf3 Be5 43. Bf4 Kc7 44. Ke3 Bb2 45. Bd3 Bc1+ 46. Kf3 Bxf4 47. Bxf5 Bxg5 48. Be6 Bxh6 49. Bg8 Bd2 50. Bxh7 g5 51. Bd3 Kd7 52. Bc4 Ke7 53. Kg4 Kf6 54. Bb5 Ke5 55. Bc6 Bf4 56. Kf3 Kf5 57. Bd7+ Ke5 58. Bc6 Kd4 59. Kg4 Kc3 60. Ba4 Kb4 61. Bc6 Kxb3 62. Kf3 c4 63. Bd7 c3 64. Ke2 c2 0-1


[Site "https://www.chess.com"]

[Event "Titled Tuesday Blitz July 4 Late 2023"]
[White "Ballester Llagaria, Luis Eduardo"]
[Black "Kozelov, Roman"]
[WhiteFideId "2297620"]
[BlackFideId "14133377"]
[WhiteElo "2586"]
[BlackElo "2333"]
[Result "1-0"]
[Round "1"]
[TimeControl "180+2"]
[Date "2023.07.04"]
[WhiteClock "0:00:57"]
[BlackClock "0:00:00"]
[Board "123"]

1. e4 e6 2. d4 d5 3. Nd2 dxe4 4. Nxe4 Nd7 5. Nf3 Ngf6 6. Nxf6+ Nxf6 7. c3 Be7 8. Bd3 O-O 9. O-O b6 10. Qe2 Bb7 11. Bg5 c5 12. Rad1 Qc7 13. Rfe1 Rad8 14. Bb1 cxd4 15. Nxd4 Rfe8 16. h3 Qc5 17. Be3 Qh5 18. Qc2 Qg6 19. Qxg6 hxg6 20. Nb5 Nd5 21. Bd4 a6 22. c4 axb5 23. cxd5 Bxd5 24. Bxb6 Rc8 25. Rc1 Bf6 26. b3 b4 27. Bd3 Bc3 28. Re2 Rc6 29. Bb5 Rxb6 30. Bxe8 Kf8 31. Ba4 Ke7 32. Rec2 Be4 33. Rxc3 bxc3 34. Rxc3 Rd6 35. f3 Bb1 36. a3 Rd2 37. b4 Ra2 38. b5 Rb2 39. Rb3 Rxb3 40. Bxb3 Kd6 41. Kf2 Kc5 42. a4 Bd3 43. Ke3 Bf1 44. Kf2 Bd3 45. h4 Kb4 46. b6 Ba6 47. Bc2 Ka5 48. Ke3 Kxb6 49. Kd4 Bf1 50. g3 Be2 51. f4 Ka5 52. Kc5 f6 53. Kd6 Bc4 54. Bxg6 Kxa4 55. Bf7 Kb4 56. Bxe6 Be2 57. Ke7 Kc3 58. Kf7 g6 59. Kxg6 1-0


[Site "https://www.chess.com"]

[Event "Titled Tuesday Blitz July 4 Late 2023"]
[White "Cardozo Munar, Carlos Eduardo"]
[Black "Zavgorodniy, Sergiy"]
[WhiteFideId "4409477"]
[BlackFideId "14110148"]
[WhiteElo "2332"]
[BlackElo "2585"]
[Result "0-1"]
[Round "1"]
[TimeControl "180+2"]
[Date "2023.07.04"]
[WhiteClock "0:01:46"]
[BlackClock "0:01:36"]
[Board "124"]

1. d4 d5 2. c3 Nf6 3. Bg5 Ne4 4. h4 h6 5. Bf4 c5 6. e3 Nc6 7. Nf3 Qb6 8. Qb3 c4 9. Qxb6 axb6 10. Nbd2 Bf5 11. Nxe4 Bxe4 12. Nd2 Bg6 13. e4 e6 14. Be2 b5 15. h5 Bxe4 16. Nxe4 dxe4 17. a3 Ne7 18. O-O-O Nd5 19. Bd2 Bd6 20. f3 e3 21. Be1 Nf4 22. Bxc4 bxc4 23. g3 Ne2+ 24. Kc2 Nxg3 25. Rg1 Nf5 26. Rg4 b5 27. d5 e5 28. Re4 Kd7 29. f4 exf4 0-1


[Site "https://www.chess.com"]

[Event "Titled Tuesday Blitz July 4 Late 2023"]
[White "Yurovskykh, Oleksandr"]
[Black "Garmendiarov"]
[WhiteFideId "14134020"]
[WhiteElo "2583"]
[BlackElo "2327"]
[Result "0-1"]
[Round "1"]
[TimeControl "180+2"]
[Date "2023.07.04"]
[WhiteClock "0:00:02"]
[BlackClock "0:00:06"]
[Board "125"]

1. d4 Nf6 2. Nf3 d6 3. Bg5 Nbd7 4. e3 h6 5. Bh4 g5 6. Bg3 Bg7 7. c4 O-O 8. Nc3 Nh5 9. Nd2 Nxg3 10. hxg3 e5 11. d5 f5 12. Qc2 e4 13. g4 Nf6 14. gxf5 Bxf5 15. Ndxe4 Nxe4 16. Nxe4 Qe7 17. Bd3 Rae8 18. Nc3 Bxd3 19. Qxd3 Qf7 20. Rf1 Re5 21. O-O-O a6 22. f3 Rfe8 23. e4 Qg6 24. a4 R5e7 25. Kc2 Be5 26. Rde1 Qg7 27. Re2 c6 28. Rfe1 Rc7 29. Rd1 Rec8 30. Kb1 Kh8 31. Rc2 cxd5 32. Qxd5 Rc5 33. Qd3 Rxc4 34. Rdc1 b5 35. axb5 axb5 36. Nxb5 Rxc2 37. Rxc2 Rb8 38. Nc3 Qb7 39. Kc1 Ra8 40. Kd2 Qb6 41. Ke2 Ra1 42. Nd1 Qg1 43. Qd2 Qxg2+ 44. Kd3 Qf1+ 45. Qe2 Qxd1+ 46. Rd2 Qxe2+ 47. Rxe2 Rb1 48. Kc4 Rxb2 49. Re1 Rf2 50. Re3 Bf4 51. Rd3 Be5 52. Kd5 h5 53. Ke6 Kg7 0-1


[Site "https://www.chess.com"]

[Event "Titled Tuesday Blitz July 4 Late 2023"]
[White "Vasques, Antonio Pedro Freixial"]
[Black "Jaskolka, Tomasz"]
[WhiteFideId "1908332"]
[BlackFideId "1170791"]
[WhiteElo "2326"]
[BlackElo "2583"]
[Result "0-1"]
[Round "1"]
[TimeControl "180+2"]
[Date "2023.07.04"]
[WhiteClock "0:00:13"]
[BlackClock "0:00:10"]
[Board "126"]

1. e4 d5 2. exd5 Nf6 3. Bb5+ Nbd7 4. Nf3 a6 5. Be2 b5 6. a4 b4 7. c4 bxc3 8. dxc3 Bb7 9. c4 g6 10. Nc3 Bg7 11. O-O O-O 12. Re1 c6 13. dxc6 Bxc6 14. Nd4 Bb7 15. Bf3 Qc7 16. Rxe7 Bxf3 17. Nxf3 Qxc4 18. Bg5 Nc5 19. Qe2 Qb3 20. Rd1 h6 21. Bxf6 Bxf6 22. Rc7 Ne6 23. Rc6 Rfe8 24. Qc4 Qc2 25. h3 Qxb2 26. Nd5 Bg7 27. Rd2 Qa1+ 28. Kh2 Rad8 29. Nc7 Nxc7 30. Rxd8 Rxd8 31. Rxc7 Be5+ 32. Nxe5 Qxe5+ 33. g3 Qf6 34. Kg2 Rd2 35. Rc8+ Kg7 36. Qc5 Qd6 37. Qc3+ Qd4 38. Rc6 Qxc3 39. Rxc3 Rd4 40. Ra3 Kf6 41. Kf3 Ke5 42. Ke3 Rb4 43. f4+ Kd5 44. Rd3+ Kc6 45. Ra3 a5 46. Kf3 Kc5 47. g4 Kc4 48. Re3 Rb3 49. h4 Rxe3+ 50. Kxe3 Kb4 51. h5 gxh5 52. gxh5 Kxa4 53. Ke4 Kb3 54. Kf5 a4 55. Kf6 a3 56. Kxf7 a2 57. f5 a1=Q 58. f6 Qb1 59. Kf8 Qf5 60. f7 Qxh5 61. Kg8 Qxf7+ 62. Kxf7 h5 0-1


[Site "https://www.chess.com"]

[Event "Titled Tuesday Blitz July 4 Late 2023"]
[White "Sebag, Marie"]
[Black "Shapiro, Daniel"]
[WhiteFideId "617822"]
[BlackFideId "2001780"]
[WhiteElo "2579"]
[BlackElo "2324"]
[Result "0-1"]
[Round "1"]
[TimeControl "180+2"]
[Date "2023.07.04"]
[WhiteClock "0:00:07"]
[BlackClock "0:00:33"]
[Board "127"]

1. d4 Nf6 2. Nc3 d5 3. Bf4 a6 4. Qd2 e6 5. e3 Bd6 6. Nf3 c5 7. O-O-O Nc6 8. g4 h6 9. g5 hxg5 10. Bxg5 b5 11. dxc5 Bxc5 12. Kb1 Qa5 13. Bxf6 gxf6 14. Ne4 Qxd2 15. Nexd2 Bb7 16. Nb3 Bb6 17. h4 Ke7 18. h5 Rag8 19. Bd3 Ne5 20. Nfd4 Nxd3 21. cxd3 Rg5 22. h6 Rg6 23. h7 Rg7 24. f4 Rhxh7 25. Rhe1 Rh2 26. Nf3 Rf2 27. Nfd2 Rg3 28. d4 Rgg2 29. a3 a5 30. Rf1 Re2 31. Rg1 Rxg1 32. Rxg1 a4 33. Kc2 axb3+ 34. Kd3 Rh2 35. Rb1 b4 36. axb4 Ba6+ 37. Kc3 Re2 38. Nf1 Bc4 39. Ra1 Rc2# 0-1


[Site "https://www.chess.com"]

[Event "Titled Tuesday Blitz July 4 Late 2023"]
[White "Korpics, Zsolt"]
[Black "Ovchinnikov, Vsevolod"]
[WhiteFideId "705241"]
[BlackFideId "24176842"]
[WhiteElo "2323"]
[BlackElo "2579"]
[Result "0-1"]
[Round "1"]
[TimeControl "180+2"]
[Date "2023.07.04"]
[WhiteClock "0:00:02"]
[BlackClock "0:00:18"]
[Board "128"]

1. e4 g6 2. d4 Bg7 3. Nc3 a6 4. h4 h5 5. Nf3 b5 6. a4 b4 7. Nd5 a5 8. Bc4 e6 9. Nf4 Ba6 10. Bxa6 Nxa6 11. Be3 Nf6 12. Ng5 Ng4 13. Bc1 c5 14. f3 Nf6 15. dxc5 Nxc5 16. Be3 Rc8 17. O-O O-O 18. Qd2 Qe7 19. b3 Rfd8 20. Rad1 Ne8 21. Qf2 Rc6 22. Bd4 Rdc8 23. Bxg7 Nxg7 24. e5 d6 25. Qd4 dxe5 26. Qxe5 Nb7 27. Ne4 Ne8 28. Rd3 Nc5 29. Nxc5 Rxc5 30. Qd4 Rxc2 31. Rfd1 Qc5 32. Qxc5 R2xc5 33. Rd8 Kf8 34. R8d7 R8c7 35. Rd8 Ke7 36. Nd3 Rf5 37. Nf2 Nf6 38. Ne4 Nxe4 39. fxe4 Rf4 40. R8d4 Rxh4 41. g3 Rg4 42. Kf2 h4 43. gxh4 Rxh4 44. Ke3 Rh3+ 45. Ke2 Rxb3 46. e5 Rbc3 47. Kf2 R3c5 48. Re1 Rc2+ 49. Kf3 Ra2 50. Red1 Rxa4 51. Kf4 Ra3 52. Rc1 Rxc1 0-1


[Site "https://www.chess.com"]

[Event "Titled Tuesday Blitz July 4 Late 2023"]
[White "Czerw, Dawid"]
[Black "Rodriguez Santiago, Jaime"]
[WhiteFideId "1145746"]
[BlackFideId "3100898"]
[WhiteElo "2576"]
[BlackElo "2319"]
[Result "1-0"]
[Round "1"]
[TimeControl "180+2"]
[Date "2023.07.04"]
[WhiteClock "0:00:43"]
[BlackClock "0:01:02"]
[Board "129"]

1. e4 c6 2. Nc3 d5 3. Qf3 dxe4 4. Nxe4 Nf6 5. Bc4 Qd4 6. d3 Nbd7 7. Ne2 Qb6 8. O-O Ne5 9. Nxf6+ exf6 10. Qg3 Nxc4 11. dxc4 Be6 12. Nf4 O-O-O 13. b3 Bf5 14. Be3 Qc7 15. a4 a5 16. f3 Bd6 17. Rad1 g5 18. Rxd6 Qxd6 19. Nh5 Qxg3 20. Nxg3 Bxc2 21. Bb6 Rd2 22. Bxa5 Bxb3 23. Bxd2 Bxc4 24. Re1 Rd8 25. Bc3 Rd6 26. Ne4 Re6 27. Kf2 h6 28. Nxf6 1-0


[Site "https://www.chess.com"]

[Event "Titled Tuesday Blitz July 4 Late 2023"]
[White "el_sporco"]
[Black "Garcia, Erick"]
[BlackFideId "2058880"]
[WhiteElo "2317"]
[BlackElo "2575"]
[Result "1-0"]
[Round "1"]
[TimeControl "180+2"]
[Date "2023.07.04"]
[WhiteClock "0:00:05"]
[BlackClock "0:00:05"]
[Board "130"]

1. e4 e5 2. Nf3 Nc6 3. Bb5 a6 4. Ba4 Nf6 5. O-O Be7 6. Re1 b5 7. Bb3 O-O 8. d4 d6 9. c3 Bg4 10. d5 Na5 11. Bc2 c6 12. dxc6 Qc7 13. h3 Bh5 14. Nbd2 Qxc6 15. g4 Bg6 16. Qe2 Rfe8 17. Nf1 Nb7 18. Ng3 Bf8 19. Nh4 Nc5 20. Nhf5 Rad8 21. Bg5 Ne6 22. Bxf6 gxf6 23. Bb3 Nf4 24. Qf1 Kh8 25. Rad1 a5 26. a3 h5 27. Bd5 Qd7 28. Ne2 Nxd5 29. Rxd5 Bxf5 30. exf5 Bh6 31. Ng3 hxg4 32. hxg4 Bg5 33. Qxb5 Qc7 34. Kg2 Rb8 35. Qe2 Kg7 36. Red1 Red8 37. Ne4 Bf4 38. Qc2 Rh8 39. Rh1 Rxh1 40. Kxh1 Rh8+ 41. Kg1 Qc4 42. Qd3 Qa2 43. b4 Qxa3 44. b5 Qc1+ 45. Qd1 Qb2 46. Qd3 Rh2 47. Rxd6 a4 48. Rxf6 Rxf2 49. Rxf7+ Kxf7 50. Qd7+ Kg8 51. Qe6+ Kf8 52. Qf6+ Ke8 53. Qe6+ Kd8 54. Qd6+ Ke8 55. Qc6+ Kf7 56. Nxf2 Qa3 57. b6 Qc1+ 58. Kg2 Qe3 59. Qe6+ Kg7 60. Qg6+ Kf8 61. Qd6+ Kg7 62. Qc7+ Kf6 63. Qc6+ Kg5 64. Ne4+ Kxg4 65. Qg6+ Bg5 66. Qxg5+ Qxg5 67. Nxg5 a3 68. b7 a2 69. b8=Q a1=Q 70. Ne4 Qa2+ 71. Nf2+ Kxf5 72. Qf8+ Kg6 73. Qe8+ Kf6 74. Qd8+ Kg6 75. Qd3+ Kf6 76. Qe3 Qc2 77. Kf3 Kf5 78. Qe4+ Qxe4+ 79. Nxe4 Ke6 80. Ke3 Kd5 81. Kd3 Kc6 82. Nd2 Kd5 83. Ke3 Ke6 84. Ke4 Kd6 85. c4 Kc5 86. Kxe5 Kb4 87. Kd4 1-0


[Site "https://www.chess.com"]

[Event "Titled Tuesday Blitz July 4 Late 2023"]
[White "Sowa, Ryan"]
[Black "Lach, Aleksandra"]
[WhiteFideId "30901693"]
[BlackFideId "1134299"]
[WhiteElo "2574"]
[BlackElo "2314"]
[Result "1-0"]
[Round "1"]
[TimeControl "180+2"]
[Date "2023.07.04"]
[WhiteClock "0:00:58"]
[BlackClock "0:00:15"]
[Board "131"]

1. Nf3 c5 2. b3 d6 3. Bb2 e5 4. e3 Nf6 5. d4 cxd4 6. exd4 e4 7. Nfd2 d5 8. c4 Be6 9. Nc3 Bb4 10. Be2 O-O 11. O-O Bxc3 12. Bxc3 Nc6 13. c5 Bf5 14. Re1 Re8 15. Nf1 Bg6 16. b4 a6 17. a4 Ne7 18. Ne3 Nf5 19. Qd2 Nh4 20. b5 axb5 21. axb5 Rxa1 22. Rxa1 Nh5 23. Qa2 Nf4 24. Bf1 Qg5 25. Kh1 Nd3 26. Bxd3 exd3 27. Qxd5 Qxd5 28. Nxd5 Be4 29. Ne3 f5 30. f3 Bxf3 31. gxf3 Rxe3 32. c6 bxc6 33. bxc6 Re8 34. d5 Nxf3 35. c7 Kf7 36. Rb1 Re2 37. Be5 d2 38. c8=Q Re1+ 39. Kg2 Rxb1 40. Qxf5+ Ke8 41. Qxb1 Nxe5 42. Kf2 1-0


[Site "https://www.chess.com"]

[Event "Titled Tuesday Blitz July 4 Late 2023"]
[White "Haitin, Ilja"]
[Black "Pasti, Aron"]
[WhiteFideId "4501764"]
[BlackFideId "785857"]
[WhiteElo "2311"]
[BlackElo "2573"]
[Result "1/2-1/2"]
[Round "1"]
[TimeControl "180+2"]
[Date "2023.07.04"]
[WhiteClock "0:00:08"]
[BlackClock "0:00:04"]
[Board "132"]

1. Nf3 d5 2. e3 Nf6 3. b3 Bf5 4. Bb2 e6 5. Nh4 Bg6 6. Nxg6 hxg6 7. d3 Bd6 8. g3 Ng4 9. Qxg4 Nd7 10. Nd2 Qe7 11. Bg2 Nf6 12. Qe2 O-O-O 13. O-O-O Ba3 14. Kb1 e5 15. c4 c6 16. Rc1 Kb8 17. Rc2 Bxb2 18. Kxb2 Qd6 19. h3 d4 20. e4 Nd7 21. a3 Qe6 22. h4 f5 23. exf5 gxf5 24. Re1 Rhe8 25. Nf3 Qf6 26. Ng5 Nc5 27. Ka2 e4 28. Rd2 exd3 29. Qxe8 Rxe8 30. Rxe8+ Kc7 31. Re1 Qd6 32. Red1 Qe5 33. Nf3 Qe4 34. Ne1 Qe7 35. Nxd3 Nxd3 36. Rxd3 Qe2+ 37. R1d2 Qe1 38. Rxd4 Qg1 39. Rd7+ Kb6 40. Bf3 Qe1 41. Bd1 Qe5 42. Bc2 g6 43. Bb1 f4 44. gxf4 Qxf4 45. R7d4 Qf6 46. b4 a6 47. c5+ Ka7 48. Bc2 Qf7+ 49. Bb3 Qf6 50. Kb2 Qe5 51. Bc4 a5 52. Kb3 axb4 53. axb4 Qe1 54. Kb2 Qe5 55. Bb3 Qf6 56. Kc2 Qf5+ 57. Kd1 Qb1+ 58. Ke2 Qxb3 59. Kf1 Qb1+ 60. Kg2 Qf5 61. Kg3 Qe5+ 62. Kg4 Qf5+ 63. Kg3 Qe5+ 64. Kh3 Qf5+ 65. Kg2 Qf6 66. f3 g5 67. hxg5 Qxg5+ 68. Kf2 Qf6 69. f4 Qh6 70. Kf3 Qh3+ 71. Ke4 Qe6+ 72. Kd3 Qb3+ 73. Ke2 Qe6+ 74. Kf3 Qh3+ 75. Kf2 Qh2+ 76. Ke1 Qg1+ 77. Ke2 Qg2+ 78. Kd1 Qf1+ 79. Kc2 Qf3 80. R2d3 Qe2+ 81. Kc3 Qe6 82. Kd2 Qa2+ 83. Ke3 Qe6+ 84. Re4 Qh3+ 85. Kd4 Qd7+ 86. Kc4 Qf7+ 87. Kc3 Qf6+ 88. Kb3 Qf7+ 89. Kc2 Qa2+ 90. Kc3 Qa3+ 91. Kd2 Qb2+ 92. Ke3 Qc1+ 93. Kd4 Qb2+ 94. Ke3 Qc1+ 95. Ke2 Qc2+ 96. Ke3 Qc1+ 1/2-1/2


[Site "https://www.chess.com"]

[Event "Titled Tuesday Blitz July 4 Late 2023"]
[White "reevecanada"]
[Black "Garcia Cuenca, Victor"]
[BlackFideId "2250829"]
[WhiteElo "2573"]
[BlackElo "2309"]
[Result "0-1"]
[Round "1"]
[TimeControl "180+2"]
[Date "2023.07.04"]
[WhiteClock "0:00:16"]
[BlackClock "0:00:03"]
[Board "133"]

1. e4 e6 2. Nf3 d5 3. Nc3 dxe4 4. Nxe4 c5 5. g3 Nc6 6. Bg2 b6 7. O-O Bb7 8. d3 Be7 9. Bf4 Nf6 10. Ne5 Nd5 11. Qg4 g6 12. Nxc6 Bxc6 13. Be5 O-O 14. h4 f5 15. Qh3 Qd7 16. Ng5 h6 17. Nf3 Nb4 18. Bc3 Bxf3 19. Bxf3 Nd5 20. Be5 Bf6 21. Rfe1 Rae8 22. Re2 Bxe5 23. Rxe5 Nb4 24. Re2 e5 25. h5 g5 26. g4 e4 27. dxe4 f4 28. e5 Nc6 29. Rae1 Nd4 30. Re4 Nxc2 31. Rd1 Nd4 32. Bh1 Re7 33. Qc3 Ne2+ 34. Rxe2 Qxd1+ 35. Re1 Qd4 36. Qc2 Re6 37. Rd1 Qxe5 38. Bd5 Rf6 39. Bxe6+ Rxe6 40. Qa4 f3 41. Qxa7 Qe4 42. Kh1 Re8 43. Qd7 Rf8 44. Kh2 Qe2 45. Rd2 Qf1 46. Qd5+ Rf7 47. Qxf7+ Kxf7 48. Rd7+ Ke6 49. Re7+ Kxe7 0-1


[Site "https://www.chess.com"]